 Dungeon Crawl Stone Soup version 0.31-a0-986-g5e6e4ef867 (webtiles) character file.

Game seed: 5835843024949788406

226 Firecrotchwizard the Changeling (level 6, 0/47 HPs)
             Began as a Merfolk Shapeshifter on Nov 4, 2023.
             Slain by an iguana (2 damage)
             ... on level 4 of the Dungeon.
             The game lasted 00:06:39 (2155 turns).

Firecrotchwizard the Changeling (MfSh)              Turns: 2155, Time: 00:06:40

Health: 0/47       AC:  3    Str: 14    XL:     6   Next: 1%
Magic:  6/6        EV: 13    Int:  9    God:
Gold:   205        SH:  0    Dex: 16    Spells: 5/5 levels left

rFire   . .          .
                       - Unarmed
rCold   . . .        (no shield)
rNeg    . . .        j - +0 leather armour
rPois   .            (helmet currently unavailable)
rElec   .            (cloak currently unavailable)
rCorr   .            (gloves currently unavailable)
SInv    .            (boots currently unavailable)
Will    .....        e - amulet of regeneration
Stlth   +            (no ring)
HPRegen 1.07/turn    (no ring)
MPRegen 0.10/turn

%: no passive effects
@: beast-form
A: beast (slay +3), (nimble swimmer 2), mertail
a: Begin Untransformation


You were on level 4 of the Dungeon.
You were a hulking beast.
You visited 1 branch of the dungeon, and saw 4 of its levels.

You collected 205 gold pieces.

Inventory:

Missiles
 o - 11 boomerangs
 q - 8 poisoned darts
Armour
 a - a +0 animal skin
 j - a +0 leather armour (worn)
 k - a +0 pair of gloves
Jewellery
 e - an amulet of regeneration (around neck)
 g - a ring of ice
Talismans
 c - a beast talisman
 d - a flux talisman
Scrolls
 f - a scroll of teleportation {unknown}
 i - a scroll of enchant armour {unknown}
 l - 2 scrolls of noise {unknown}
 m - a scroll of amnesia {unknown}
Potions
 b - a potion of lignification
 h - 2 potions of haste {unknown}
 n - a potion of mutation {unknown}
 p - a potion of ambrosia {unknown}
 r - a potion of attraction {unknown}
 s - a potion of curing {unknown}


   Skills:
 + Level 3.1 Fighting
 + Level 4.7 Dodging
 + Level 4.5 Unarmed Combat
 + Level 5.2 Shapeshifting


You had 5 spell levels left.
You didn't know any spells.
Your spell library contained the following spells:

 Spells                   Type           Power      Damage    Failure   Level
 Sandblast                Erth           0%         2d4       45%         1
 Passwall                 Tmut/Erth      0%         N/A       61%         2
 Static Discharge         Conj/Air       0%         3-3/arc   61%         2
 Dazzling Flash           Conj/Hex       0%         N/A       83%         3
 Stone Arrow              Conj/Erth      0%         3d7       83%         3
 Volatile Blastmotes      Fire/Tloc      0%         2d10      83%         3
 Airstrike                Air            0%         2d(0-16)  99%         4
 Brom's Barrelling Bould  Conj/Erth      0%         2d3       99%         4
 Summon Lightning Spire   Summ/Air       0%         N/A       99%         4
 Starburst                Conj/Fire      0%         6d3       100%        6
 Maxwell's Capacitive Co  Air            0%         ∞         100%        8


Dungeon Overview and Level Annotations

Branches:
Dungeon (4/15)
 Temple: D:4-7

Altars:

Annotations:
D:3 exclusion: orc


Innate Abilities, Weirdness & Mutations

You are a hulking beast.
Your limbs bulge with bestial killing power. (Slay +3)
((You are very nimble when in or above water. (Stealth+, EV+, Speed+++)))
Your lower body shifts to a powerful aquatic tail in water.


Message History

You see here 7 gold pieces.
The orc shouts!
An orc comes into view. It is wielding a +0 short sword.
An orc comes into view. It is wielding a +0 whip.
The orc shouts!
The orc moves out of view.
You closely miss the orc. The orc hits you with a +0 hand axe.
The orc barely misses you.
You hit the orc.
The orc is severely wounded.
The orc hits you with a +0 hand axe. The orc hits you with a +0 short sword.
You hit the orc.
You kill the orc!
The orc barely misses you.
You punch the orc!
You kill the orc!
You punch the orc!
You kill the orc!
The orc hits you but does no damage.
You hit the orc.
The orc is heavily wounded.
The orc hits you with a +0 whip.
You hit the orc.
The orc is severely wounded.
The orc closely misses you.
You hit the orc.
You kill the orc!
No target in view!
HP restored.
You now have 205 gold pieces (gained 7).
The kobold shouts!
A kobold is nearby!
You hit the kobold.
You kill the kobold!
No target in view!
q - 8 poisoned darts (gained 4)
There is a broken door here.
Things that are here:
a +0 short sword; a kobold corpse You start waiting.
Done waiting.
s - an emerald potion You see here the +0 long sword of Zyodat {flame, *Rage rC+ Str+2 Stlth+}.
There is a broken door here.
Things that are here:
a +0 short sword; a kobold corpse
Things that are here:
a +0 whip; a +0 short sword
Found a mace.
You see here a +3 whip.
A hound comes into view.
Your legs become a tail as you enter the water.
A bullfrog comes into view.
Found an escape hatch in the floor.
The hound barks!
The bullfrog croaks.
You hear a shout! x3
A kobold and an iguana come into view.
The kobold is wielding a +0 sling and quivering poisoned darts.
The kobold shouts!
The iguana hisses angrily.
An ogre comes into view. It is wielding a +0 giant club.
You miss the bullfrog. The bullfrog hits you. x2
You hit the bullfrog but do no damage. The bullfrog barely misses you.
You hit the bullfrog.
The bullfrog is moderately wounded.
The bullfrog barely misses you. The bullfrog hits you.
You hit the bullfrog.
The bullfrog is heavily wounded.
The bullfrog closely misses you.
You punch the bullfrog!
The bullfrog is almost dead.
The bullfrog closely misses you. The bullfrog barely misses you.
You punch the bullfrog!
You kill the bullfrog!
The kobold shoots a sling bullet.
The sling bullet completely misses you.
You hear a shout!
Your Fighting skill increases to level 3!
You have reached level 6!
You hit the iguana.
The iguana is moderately wounded.
A fountain of clear blue water erupts!
The iguana closely misses you.
You hit the iguana.
The iguana is heavily wounded.
You are engulfed in a cloud of scalding steam.
A goblin comes into view. It is wielding a +0 club.
The iguana barely misses you.
You hit the iguana.
The iguana is severely wounded.
You are engulfed in a cloud of scalding steam.
The iguana bites you.
* * * LOW HITPOINT WARNING * * *
You hit the iguana but do no damage. You punch the iguana, but do no damage.
The iguana is severely wounded.
You are engulfed in a cloud of scalding steam.
* * * LOW HITPOINT WARNING * * *
The iguana misses you.
You hit the iguana.
The iguana is severely wounded.
You are engulfed in a cloud of scalding steam.
* * * LOW HITPOINT WARNING * * *
The iguana bites you.
You die...

##### .....# ######
......# #...)## .......
#.##..# ....... ##..##)#
....... ##~..##.#
......h##§~~~...# ######
...>.gKlh§§~~~.## #.....
......O##§§~~~.### #.....
....... ##§.~....###....P
.................##))..##
.......#########....#..#.
.......# #.##.#..#)
....O....#### #.##....##
.....###....## #.>..#....
####..###..#.#....


You could see an ogre, an iguana, a hound, a goblin and a kobold.

Vanquished Creatures
  A phantom (D:3)
  A bullfrog (D:4)
  2 adders (D:3)
  4 dart slugs
  7 orcs
  5 bats
  5 endoplasms
  2 giant cockroaches
  5 goblins
  A hobgoblin (D:1)
  5 jackals (D:1)
  5 quokkas
  5 ball pythons
  3 frilled lizards (D:1)
  4 kobolds
  6 rats
61 creatures vanquished.

Notes
Turn   | Place    | Note
-------+----------+-------------------------------------------
     0 | D:1      | Firecrotchwizard the Merfolk Shapeshifter began the quest
                  | for the Orb.
     0 | D:1      | Reached XP level 1. HP: 15/15 MP: 1/1
   203 | D:1      | Reached XP level 2. HP: 20/21 MP: 2/2
   421 | D:1      | Reached XP level 3. HP: 23/27 MP: 3/3
  1442 | D:3      | Reached XP level 4. HP: 29/33 MP: 4/4
  1494 | D:3      | Noticed a phantom
  1862 | D:3      | Killed a phantom
  1863 | D:3      | Reached skill level 5 in Shapeshifting
  1863 | D:3      | Reached XP level 5. HP: 22/39 MP: 5/5
  2111 | D:4      | Identified the +0 long sword of Zyodat {flame, *Rage rC+
                  | Str+2 Stlth+}
  2143 | D:4      | Noticed an ogre
  2151 | D:4      | Reached XP level 6. HP: 45/47 MP: 6/6
  2155 | D:4      | HP: 1/47 [something (13)]
  2155 | D:4      | Slain by an iguana

Illustrated notes

Levels and vault maps discovered:
D:1:      spicycebolla_green_bress_n_ham, layout_basic
D:2:      wander_river, layout_loops_ring
D:3:      layout_basic, gup_sewer_entry_bubbles
D:4:      cheibrodos_pilgrimage, layout_rooms, general_overflow_altar,
          serial_shops, kennysheep_mini_moat, ldierk_geyser, corexii_shack

Skill      XL: |  1  2  3  4  5 |
---------------+----------------+-----
Dodging        | 3 4 |  4.7
Fighting       | 2 3 |  3.1
Unarmed Combat | 4 |  4.5
Shapeshifting  | 5 |  5.2

Action                     |  1- 3 |  4- 6 || total
---------------------------+-------+-------++-------
  Melee: Unarmed           |   127 |    64 ||   191
         Punch             |     2 |     3 ||     5
   Stab: Sleeping          |     1 |     1 ||     2
         Distracted        |       |     1 ||     1
 Armour: Animal skin       |    31 |       ||    31
         Leather armour    |    17 |    28 ||    45
  Dodge: Dodged            |    72 |    38 ||   110

Table legend: (Time is in decaauts)
 A = Elapsed time spent in this place.
 B = Non-inter-level travel time spent in this place.
 C = Inter-level travel time spent in this place.
 D = Time resting spent in this place.
 E = Time spent auto-exploring this place.
 F = Levels seen in this place.
 G = Mean time per level.
                   A        B        C        D        E       F      G
               +--------+--------+--------+--------+--------+-----+--------+
         Total |   2125 |   2017 |    108 |    104 |   1438 |   4 |  531.2 |
       Dungeon |   2125 |   2017 |    108 |    104 |   1438 |   4 |  531.2 |
               +--------+--------+--------+--------+--------+-----+--------+

Top non-repeatable levels by time:
     D:2: 716 daAuts
     D:1: 702 daAuts
     D:3: 503 daAuts
     D:4: 202 daAuts
